 Dungeon Crawl Stone Soup version 0.25.1-8-g42b30a86e7 (webtiles) character file.

Game seed: 2722453291723617362

314 Destapler the Charlatan (level 6, -4/30 HPs)
             Began as a Spriggan Artificer on Dec 20, 2020.
             Killed by divine providence
             ... invoked by an orc priest
              (12 damage)
             ... on level 4 of the Dungeon.
             The game lasted 00:16:18 (5299 turns).

Destapler the Charlatan (Spriggan Artificer)        Turns: 5299, Time: 00:16:18

Health: -4/30      AC:  3    Str:  6 (8)  XL:     6   Next: 19%
Magic:  10/10      EV: 19    Int: 12 (13) God:
Gold:   185        SH:  0    Dex: 15 (18) Spells: 5/5 levels left

rFire    . . .     SeeInvis +   n - +0 dagger (vamp)
rCold    . . .     Gourm    .   (shield restricted)
rNeg     . . .     Faith    .   b - +0 robe
rPois    .         Spirit   .   (helmet restricted)
rElec    .         Reflect  .   j - +0 cloak
rCorr    .         Harm     .   (gloves unavailable)
MR       +....                  (boots unavailable)
Stlth    +++.......             (no amulet)
HPRegen  0.10/turn              (no ring)
MPRegen  0.12/turn              (no ring)

@: very quick
A: very small, unfitting armour, see invisible, herbivore, speed 3, slow
metabolism 2
a: no special abilities


You were on level 4 of the Dungeon.
You were hungry.

You visited 1 branch of the dungeon, and saw 4 of its levels.

You collected 185 gold pieces.

Inventory:

Hand Weapons
 n - a +0 vampiric dagger (weapon)
Missiles
 w - 4 boomerangs (quivered)
Armour
 b - a +0 robe (worn)
 j - a +0 cloak (worn)
Wands
 c - a wand of flame (5)
 d - a wand of enslavement (13)
 e - a wand of random effects (11)
Scrolls
 a - a scroll of amnesia {unknown}
 i - 3 scrolls of teleportation {unknown}
 m - 3 scrolls of identify {unknown}
 o - a scroll of fear {unknown}
 p - a scroll of immolation {unknown}
 q - a scroll of random uselessness {unknown}
 r - a scroll of remove curse {unknown}
 u - a scroll of fog {unknown}
 v - a scroll of magic mapping {unknown}
Potions
 g - a potion of heal wounds
 h - 3 potions of curing
 k - a potion of resistance {unknown}
 l - 2 potions of lignification {unknown}
 x - a potion of stabbing {unknown}
Comestibles
 f - 10 rations


   Skills:
 + Level 2.1 Fighting
 + Level 2.6 Short Blades
 + Level 2.1 Throwing
 + Level 1.4 Armour
 + Level 4.4 Dodging
 + Level 3.8 Stealth
 - Level 5.0 Evocations


You had 5 spell levels left.
You didn't know any spells.
Your spell library was empty.

Dungeon Overview and Level Annotations

Branches:
Dungeon (4/15)
 Temple: D:4-7

Altars:


Innate Abilities, Weirdness & Mutations

You are very small and have problems with some larger weapons.
You are too small for most types of armour.
You have supernaturally acute eyesight. (SInv)
You are a herbivore.
You cover ground extremely quickly.
You need to consume almost no food.


Message History

The orc's wounds heal themselves!
You hit the orc but do no damage. The orc barely misses you.
You hit the orc but do no damage. The orc hits you but does no damage.
You hit the orc but do no damage. The orc hits you but does no damage.
You barely miss the orc.
The orc priest calls down the wrath of Beogh upon you.
Beogh smites you!
* * * LOW HITPOINT WARNING * * *
You closely miss the orc. The orc hits you but does no damage.
You hit the orc but do no damage. The orc closely misses you.
You hit the orc but do no damage. The orc hits you with a +0 club.
* * * LOW HITPOINT WARNING * * *
You hit the orc but do no damage. The orc closely misses you.
You hit the orc but do no damage.
The orc priest miscasts a cantrip.
You hit the orc but do no damage. The orc closely misses you.
You closely miss the orc.
The orc priest invokes the aid of Beogh against you.
Beogh smites you!
You die...

..#. #######+##
..+.####..........
..##.†...........# .....#
#.........+ #.#..#
#.........# . #.#..#
#.........# ..
#.#..###.........# ...
#.#....+.........# ....
#.#...##........@###....#
#.#...####....###oo...#
#.#...##......###g#####
.........=....+>..#
#.#.######....####...o...
#.#......+....+ ...o...
#.#.######....# .......
#.#.# #....# .....o.
#.#+#### ###### .......


You could see an orc priest, an orc and a goblin.

Vanquished Creatures
  An ogre (D:4)
  A scorpion (D:4)
  2 worker ants
  Robin (D:3)
  2 adders
  2 worms
  2 dart slugs
  6 leopard geckos
  12 orcs
  4 giant cockroaches
  16 goblins
  4 hobgoblins
  8 kobolds
  A quokka (D:2)
  10 bats
  6 frilled lizards
  3 rats
81 creatures vanquished.

Vanquished Creatures (collateral kills)
  A hobgoblin (D:4)
  A goblin (D:4)
2 creatures vanquished.

Grand Total: 83 creatures vanquished

Notes
Turn   | Place    | Note
-------+----------+-------------------------------------------
     0 | D:1      | Destapler the Spriggan Artificer began the quest for the
                  | Orb.
     0 | D:1      | Reached XP level 1. HP: 9/9 MP: 4/4
   209 | D:1      | Reached XP level 2. HP: 13/14 MP: 6/6
   289 | D:1      | Reached skill level 1 in Fighting
  1516 | D:2      | Reached XP level 3. HP: 18/18 MP: 7/7
  2514 | D:2      | Reached skill level 1 in Throwing
  2781 | D:3      | Reached XP level 4. HP: 17/22 MP: 8/8
  3867 | D:3      | Reached skill level 1 in Armour
  4456 | D:4      | Noticed an ogre
  4557 | D:4      | Killed an ogre
  4557 | D:4      | Reached XP level 5. HP: 12/26 MP: 9/9
  4778 | D:4      | Noticed Robin
  4851 | D:3      | Killed Robin
  5106 | D:4      | Reached skill level 5 in Evocations
  5106 | D:4      | Reached XP level 6. HP: 28/30 MP: 10/10
  5299 | D:4      | Killed from afar by an orc priest

Illustrated notes

Levels and vault maps discovered:
D:1:      psy_arrival_conway, layout_loops_ring, hex_tiny, minmay_lizard_pond
D:2:      layout_basic, first_ration
D:3:      layout_basic
D:4:      layout_basic, lemuel_coloured_pillars_altar, minmay_strange_pillars,
          uniq_robin

Skill      XL: |  1  2  3  4  5 |
---------------+----------------+-----
Fighting       | 1 2 |  2.1
Stealth        | 2 3 |  3.8
Throwing       | 1 2 |  2.1
Short Blades   | 2 |  2.6
Armour         | 1 |  1.4
Dodging        | 4 |  4.4
Evocations     | 5 |  5.0

Action                   |  1- 3 |  4- 6 || total
-------------------------+-------+-------++-------
Melee: Short sword       |   109 |       ||   109
       Dagger            |    81 |   293 ||   374
Throw: Boomerang         |       |    45 ||    45
Evoke: Wand              |     4 |    12 ||    16
  Use: Potion            |       |     4 ||     4
 Stab: Sleeping          |     8 |     6 ||    14
  Eat: Ration            |       |     1 ||     1
Armor: Robe              |    22 |    26 ||    48
Dodge: Dodged            |   158 |   206 ||   364
